 Dungeon Crawl Stone Soup version 0.29-a0-451-gfbfa42419e (webtiles) character file.

Game seed: 2299481992346770831

114 bande the Covered (level 4, -3/29 HPs)
             Began as a Gargoyle Fighter on May 19, 2022.
             Killed by divine providence
             ... invoked by an orc priest
              (16 damage)
             ... on level 3 of the Dungeon.
             The game lasted 00:02:12 (1898 turns).

bande the Covered (Gargoyle Fighter)                Turns: 1898, Time: 00:02:14

Health: -3/29      AC: 14    Str: 19    XL:     4   Next: 97%
Magic:  4/4        EV:  9    Int:  9    God:
Gold:   162        SH:  4    Dex: 11    Spells: 3/3 levels left

rFire   . . .      SeeInvis .   a - +0 war axe
rCold   . . .      Faith    .   c - +0 buckler
rNeg    + . .      Spirit   .   b - +0 scale mail
rPois   ∞          Reflect  .   (no helmet)
rElec   +          Harm     .   (no cloak)
rCorr   .          Rampage  .   (no gloves)
Will    .....                   (no boots)
Stlth   ..........              (no amulet)
HPRegen 0.09/turn               p - +4 ring of protection
MPRegen 0.09/turn               (no ring)

@: no status effects
A: sickness immunity, AC +3, negative energy resistance 1, electricity
resistance, torment resistance 1, petrification resistance
a: no special abilities


You were on level 3 of the Dungeon.
You visited 1 branch of the dungeon, and saw 3 of its levels.

You collected 162 gold pieces.

Inventory:

Hand Weapons
 a - a +0 war axe (weapon)
Armour
 b - a +0 scale mail (worn)
 c - a +0 buckler (worn)
Jewellery
 p - a +4 ring of protection (left hand)
Scrolls
 e - a scroll of fear {unknown}
 h - a scroll of immolation {unknown}
 l - 2 scrolls of amnesia {unknown}
 m - 7 scrolls of identify {unknown}
 n - a scroll of enchant armour {unknown}
 q - a scroll of brand weapon {unknown}
 r - a scroll of vulnerability {unknown}
Potions
 d - a potion of might
 f - 2 potions of flight {unknown}
 g - a potion of lignification {unknown}
 i - a potion of invisibility {unknown}
 j - 2 potions of attraction {unknown}
 k - 2 potions of haste {unknown}
 o - a potion of degeneration {unknown}


   Skills:
 + Level 3.8 Fighting
 + Level 3.4 Axes
 + Level 4.0 Armour
 + Level 3.6 Shields


You had 3 spell levels left.
You didn't know any spells.
Your spell library contained the following spells:

 Spells                   Type           Power      Damage    Failure   Level
 Call Canine Familiar     Summ           0%         N/A       99%         3
 Portal Projectile        Hex/Tloc       0%         N/A       99%         3
 Leda's Liquefaction      Hex/Erth       0%         N/A       100%        4
 Summon Forest            Summ/Tloc      0%         N/A       100%        5
 Summon Mana Viper        Hex/Summ       0%         N/A       100%        5
 Summon Cactus Giant      Summ           0%         N/A       100%        6


Dungeon Overview and Level Annotations

Branches:
Dungeon (3/15)

Altars:
Zin


Innate Abilities, Weirdness & Mutations

You are immune to sickness and miasma.
Your stone body is resilient. (AC +3)
You are immune to poison.
You resist negative energy. (rN+)
You are resistant to electric shocks. (rElec)
You are resistant to unholy torment.
You are immune to petrification.


Message History

The magic dart hits you but does no damage.
The orc wizard hits you but does no damage.
You slash the orc wizard!
You kill the orc wizard!
You barely miss the orc.
The orc priest miscasts a cantrip.
The orc misses you.
You barely miss the orc. You block the orc's attack.
The orc hits you but does no damage.
You slash the orc!
You kill the orc!
The orc priest invokes the aid of Beogh against you.
Pain shoots through your body!
You hit the orc.
The orc is heavily wounded.
The orc barely misses you.
You hit the orc.
You kill the orc!
You block the orc priest's attack.
You closely miss the orc priest.
The orc priest hits you but does no damage.
You slash the orc priest!
The orc priest is severely wounded.
The orc priest calls down the wrath of Beogh upon you.
Beogh smites you!
You are too injured to fight recklessly!
You are too injured to fight recklessly!
You are too injured to fight recklessly!
You are too injured to fight recklessly!
You are too injured to fight recklessly!
You are too injured to fight recklessly!
You are too injured to fight recklessly!
You are too injured to fight recklessly!
You hit the orc priest.
The orc priest is almost dead.
The orc priest hits you but does no damage.
The orc priest invokes the aid of Beogh against you.
Beogh smites you!
Ouch! That really hurt!
You die...

.....#......######.##
.....#.......#####.#
.....#...........#.###.
####.........###.#$....
.....###......##...###..
.####.#..(.[............
#.#......##.#.####
#...#...###.# ##..#####
#@# ..... #o# ###..# ..#
#.. .... ..#.. #..#..#
#..#..# #. #$..


You could see an orc priest.

Vanquished Creatures
  An orc wizard (D:3)
  3 adders
  2 worms (D:2)
  A dart slug (D:3)
  5 orcs (D:3)
  5 bats
  5 endoplasms
  6 giant cockroaches
  3 hobgoblins
  4 jackals (D:2)
  A kobold (D:3)
  2 quokkas
  4 ball pythons
  5 rats
47 creatures vanquished.

Notes
Turn   | Place    | Note
-------+----------+-------------------------------------------
     0 | D:1      | bande the Gargoyle Fighter began the quest for the Orb.
     0 | D:1      | Reached XP level 1. HP: 14/14 MP: 1/1
   265 | D:1      | Reached XP level 2. HP: 18/19 MP: 2/2
   810 | D:2      | Reached XP level 3. HP: 23/23 MP: 3/3
   881 | D:2      | Found a glowing silver altar of Zin.
  1363 | D:3      | Reached XP level 4. HP: 29/29 MP: 4/4
  1686 | D:2      | Found a faded altar of an unknown god.
  1835 | D:3      | Reached skill level 4 in Armour
  1898 | D:3      | Killed from afar by an orc priest

Illustrated notes

Levels and vault maps discovered:
D:1:      scummos_arrival_simple_fountains, layout_rooms
D:2:      layout_basic, basic_altar, shapermc_ecumenical_altar_notcrosses
D:3:      minmay_inner_zag, layout_loops_ring, elyvilon_altar_1,
          small_statue_intersection, uniq_natasha

Skill      XL: |  1  2  3  4 |
---------------+-------------+-----
Axes           | 2 3 |  3.4
Armour         | 4 |  4.0
Fighting       | |  3.8
Shields        | |  3.6

Action                   |  1- 3 |  4- 6 || total
-------------------------+-------+-------++-------
Melee: War axe           |    96 |    35 ||   131
Armor: Scale mail        |    64 |    15 ||    79
Dodge: Dodged            |    47 |    10 ||    57
Block: Buckler           |    15 |     4 ||    19

Table legend: (Time is in decaauts)
 A = Elapsed time spent in this place.
 B = Non-inter-level travel time spent in this place.
 C = Inter-level travel time spent in this place.
 D = Time resting spent in this place.
 E = Time spent auto-exploring this place.
 F = Levels seen in this place.
 G = Mean time per level.
                   A        B        C        D        E       F      G
               +--------+--------+--------+--------+--------+-----+--------+
         Total |   1951 |   1919 |     32 |      0 |   1546 |   3 |  650.3 |
       Dungeon |   1951 |   1919 |     32 |      0 |   1546 |   3 |  650.3 |
               +--------+--------+--------+--------+--------+-----+--------+

Top non-repeatable levels by time:
     D:2: 1104 daAuts
     D:3: 455 daAuts
     D:1: 391 daAuts
